[Event "4NCL 2021-22"]
[Site "England"]
[Date "2022.05.01"]
[Round "8.1"]
[White "Haria, Ravi"]
[Black "Houska, Jovanka"]
[Result "0-1"]
[ECO "B12"]
[WhiteElo "2490"]
[BlackElo "2358"]
[Annotator "TA"]
[PlyCount "140"]
[EventDate "2021.11.27"]
[EventType "team-tourn"]
[EventCountry "ENG"]
[SourceTitle "playchess.com"]
[Source "ChessBase"]
[SourceQuality "1"]
[TimeControl "40/6000+30:3000+30"]

1. e4 c6 2. d4 d5 3. e5 Bf5 4. Nd2 e6 5. Nb3 a6 6. Nf3 {[%emt 0:01:36] B12: Caro-Kann: Advance Variation.} c5 7. Nxc5 (7. dxc5 {is more complex.} Bxc5 8. Nxc5 Qa5+ 9. c3) 7... Bxc5 8. dxc5 {[%emt 0:00:08] The position is equal.} Qa5+ 9. c3 Qxc5 10. Be2 Ne7 11. O-O Nd7 12. Bf4 {[%emt 0:03:46] [#]} Bg4 $146 (12... Qc7 13. Re1 O-O 14. Nd4 Bg6 15. h4 h6 16. h5 Bh7 17. Bf1 Nc6 18. Re3 Kh8 {1-0 (56) Haria,R (2490)-Houska,J (2365) Gibraltar 2022}) ({Predecessor:} 12... O-O 13. Rc1 Nc6 14. Re1 h6 15. h3 Rac8 16. Qd2 Rfd8 17. Nd4 Ndxe5 18. Nxf5 exf5 19. Bxe5 Nxe5 20. Bxa6 {½-½ (58) Ortiz Suarez,I (2545)-Vazquez,G (2527) Tornelo INT 2021}) 13. Re1 Ng6 14. Bg3 Bh5 15. h3 O-O 16. Bh2 {[%emt 0:02:31] [#] Black must now prevent g4.} Ne7 17. g4 Bg6 18. Nd4 Nc6 19. Bf1 Be4 20. f3 Bg6 21. Kh1 Qb6 22. Qd2 Rac8 {[%emt 0:02:35] And now ...Nxd4 would win.} 23. Rac1 Qa5 24. Nxc6 Rxc6 25. b3 Qc7 26. c4 dxc4 27. Rxc4 Rxc4 28. bxc4 Nc5 29. Rd1 h5 30. Kg2 Rc8 31. Be2 Na4 32. Bf4 Nb6 33. Rc1 Na4 (33... Rd8 $11 34. Qe3 Na4) 34. Rd1 (34. Qb4 $14 Nb6 35. Qd6) 34... Kh7 35. Kg3 Qc5 36. Qd6 (36. gxh5 $11 Bxh5 37. Qd6 (37. Qc2+ Kg8 $11)) 36... Nc3 $17 37. Qxc5 Rxc5 38. Rd2 Nxe2+ 39. Rxe2 Rxc4 {[%emt 0:00:07][%cal Oh5h4][%mdl 4096] Endgame KRB-KRB} 40. Bg5 b5 41. a3 Bc2 42. Bd2 Bb3 43. Bb4 hxg4 44. hxg4 Rc1 45. Re3 Bc4 46. Kf2 Rf1+ 47. Kg2 Ra1 48. Kg3 Ra2 49. Kf4 Kh6 50. Kg3 Kg6 51. Kf4 Kh7 52. Kg3 Kh6 53. Rc3 Re2 {[%emt 0:02:02] Black is more active.} 54. Re3 Ra2 55. Rc3 $1 Bd5 56. Re3 Kh7 57. Kf4 Rg2 58. Kg5 Bc4 59. Rc3 Re2 60. Kf4 Kh6 61. Bf8 {[%emt 0:00:19] [#]} ({Better is} 61. Be7) 61... Bd5 $1 62. Re3 Rg2 63. Re1 Rf2 64. Rh1+ Kg6 65. Rh3 a5 66. Bc5 (66. Ke3 $17 {was the only chance.} Rc2 67. Rh8) 66... Rb2 {[%emt 0:00:49] Hoping for ...Rb3.} 67. Bf8 $2 (67. Ke3) 67... Rb3 $19 {[%emt 0:00:22] Black is clearly winning.} 68. Be7 b4 69. axb4 a4 {[%emt 0:01:17] ( -> ...a3)} 70. b5 a3 {[%emt 0:00:14] Weighted Error Value: White=0.10 (very precise) /Black=0.09 (flawless)} 0-1

[Event "4NCL 2021-22"]
[Site "England"]
[Date "2022.05.01"]
[Round "8.2"]
[White "Fitzsimons, David"]
[Black "Tan, Justin"]
[Result "1/2-1/2"]
[ECO "C13"]
[WhiteElo "2369"]
[BlackElo "2526"]
[Annotator "TA"]
[PlyCount "72"]
[EventDate "2021.11.27"]
[EventType "team-tourn"]
[EventCountry "ENG"]
[SourceTitle "playchess.com"]
[Source "ChessBase"]
[SourceQuality "1"]
[TimeControl "40/6000+30:3000+30"]

1. e4 e6 2. d4 d5 3. Nc3 Nf6 4. Bg5 dxe4 5. Nxe4 Be7 6. Nxf6+ Bxf6 7. Bxf6 Qxf6 8. Nf3 O-O 9. Qd3 $1 {[%emt 0:04:10][%mdl 4] now scores much better than the old 9.Bd3. C13: French: Classical System: 4 Bg5 Be7, Alekhine-Chatard Attack.} Rd8 10. O-O-O Nc6 11. Qe4 {[%emt 0:01:47] [#]} Rb8 $146 ({Predecessor:} 11... Rd5 12. Bd3 Qh6+ 13. Qe3 Qxe3+ 14. fxe3 Bd7 15. c3 Ra5 16. a3 Ne7 17. Rhf1 f6 {1-0 (27) Baer,W (1911)-Stevenson,W (828) IECG email 2005}) 12. Bd3 (12. h4 {looks sharper.} Nb4 13. c3 Nd5 14. Bd3) 12... g6 13. c3 Rd5 (13... Ne7 $11 {remains equal.}) 14. Rhe1 $16 b5 15. Qg4 (15. g4 $14) 15... b4 $11 16. c4 Rd8 17. Qg3 b3 18. axb3 Rxb3 ({Of course not} 18... Nxd4 19. Nxd4 Rxd4 20. Bc2 $14) 19. Qxc7 Nxd4 20. Bf1 Bb7 $2 (20... Rb7 $15 {stays ahead.} 21. Qe5 Qxe5 22. Rxe5 Nb3+ 23. Kc2 Rxd1 24. Kxd1 Bd7) 21. Nxd4 Rxd4 22. Rxd4 Qxd4 23. Qe5 ({Only move:} 23. Qb8+ $16 Kg7 24. Qe5+ Qxe5 25. Rxe5) 23... Qxf2 {[%emt 0:03:31][%cal Ob3b2] [#] White must now prevent ...Rxb2!} 24. Rd1 {[%emt 0:00:35][%cal Rd1d8] Chess con chili.} Qe3+ 25. Qxe3 Rxe3 {[%emt 0:00:02][%mdl 4096] Endgame KRB-KRB} 26. Rd8+ ({White should try} 26. Kd2 $11 Re5 27. b4) 26... Kg7 $15 27. Rb8 Bc6 (27... Rb3 $1 $15) 28. Kd2 $11 Re5 29. b4 {[%emt 0:00:22][%mdl 1024] White has compensation.} Rg5 ({Much worse is} 29... Rf5 30. b5 Bxb5 31. Bd3 Rf2+ 32. Ke3 Bxc4 33. Kxf2 Bxd3 34. Rb3 $11) 30. g3 (30. Kc3 $16) 30... Rh5 31. h4 Rf5 32. Bd3 (32. Be2 $14) 32... Rf2+ {[%emt 0:00:12] The position is equal.} 33. Kc3 Rf3 {[%emt 0:00:02] [#] aiming for ...Be4.} 34. Kd2 Rf2+ 35. Kc3 {[%emt 0:00:04] Hoping for b5.} Rf3 {[%emt 0:00:15] Strongly threatening ...Be4.} 36. Kd2 {[%emt 0:00:54] Rc8 is the strong threat.} Rf2+ {[%emt 0:01:28] Weighted Error Value: White=0.17 (very precise) /Black=0.28 (precise)} 1/2-1/2

[Event "4NCL 2021-22"]
[Site "England"]
[Date "2022.05.01"]
[Round "8.3"]
[White "Speelman, Jon S"]
[Black "McPhillips, Joseph"]
[Result "1/2-1/2"]
[ECO "E11"]
[WhiteElo "2504"]
[BlackElo "2413"]
[Annotator "TA"]
[PlyCount "77"]
[EventDate "2021.11.27"]
[EventType "team-tourn"]
[EventCountry "ENG"]
[SourceTitle "playchess.com"]
[Source "ChessBase"]
[SourceQuality "1"]
[TimeControl "40/6000+30:3000+30"]

1. d4 Nf6 2. c4 e6 3. Nf3 Bb4+ 4. Bd2 Qe7 5. g3 Nc6 6. Nc3 Bxc3 7. Bxc3 Ne4 8. Rc1 d6 9. d5 Nxc3 10. Rxc3 Nd8 11. Bg2 O-O 12. dxe6 Nxe6 13. O-O Bd7 14. Nd4 {[%emt 0:01:40] E11: Bogo-Indian.} Nxd4 15. Qxd4 Bc6 16. Re3 {[%emt 0:02:28] White is slightly better.} Qd7 {[%emt 0:00:35] [#]} 17. Bd5 $146 ({Predecessor:} 17. Rd1 Bxg2 18. Kxg2 b6 19. Rdd3 Rae8 20. b3 h6 21. Rxe8 Rxe8 22. Re3 Rxe3 23. Qxe3 {½-½ (31) Dokhoian,Y (2580)-Wahls,M (2540) Germany 1994}) 17... Rfe8 18. Rxe8+ Qxe8 19. e3 a5 20. b3 b6 21. Rc1 Rd8 22. h4 Bd7 23. Rd1 Be6 24. Qf4 Qe7 25. a3 h6 {[%emt 0:00:52] The position is equal.} 26. Bc6 Bd7 27. Bf3 Re8 28. Bd5 Be6 29. Qf3 Bxd5 30. Rxd5 Qe4 31. Qxe4 Rxe4 $11 {[%emt 0:00:11][%mdl 4096] Endgame KR-KR} 32. Kg2 Kf8 33. Kf3 Re8 34. e4 Re6 35. h5 Ke7 36. g4 g6 37. hxg6 fxg6 38. Ke3 g5 39. b4 {[%emt 0:03:41] Weighted Error Value: White=0.05 (flawless) /Black=0.04 (flawless)} 1/2-1/2

[Event "4NCL 2021-22"]
[Site "England"]
[Date "2022.05.01"]
[Round "8.4"]
[White "Toma, Katarzyna"]
[Black "McDonald, Neil"]
[Result "1-0"]
[ECO "C11"]
[WhiteElo "2420"]
[BlackElo "2407"]
[Annotator "TA"]
[PlyCount "78"]
[EventDate "2021.11.27"]
[EventType "team-tourn"]
[EventCountry "ENG"]
[SourceTitle "playchess.com"]
[Source "ChessBase"]
[SourceQuality "1"]
[TimeControl "40/6000+30:3000+30"]

1. e4 e6 2. d4 d5 3. Nc3 Nf6 4. e5 Nfd7 5. Nce2 c5 6. c3 Nc6 7. Nf3 Be7 8. a3 {[%emt 0:00:12] C11: French: Classical System: 4 e5 and 4 Bg5 dxe4.} c4 9. Nf4 Na5 10. Be3 {[%emt 0:03:50] The position is equal.} Nb6 11. h4 Bd7 12. Nh5 Ba4 13. Qe2 {[%emt 0:12:32] [#]} g6 $146 ({Predecessor:} 13... Rg8 14. Bg5 h6 15. Bxe7 Qxe7 16. g3 Nd7 17. Bg2 O-O-O 18. Nf4 g6 19. Nh2 Qf8 {0-1 (48) Svetushkin,D (2544)-Salgado Lopez,I (2627) Saint Quentin 2014}) 14. Nf6+ Bxf6 15. exf6 Qxf6 16. g4 Qe7 17. Bh3 Nd7 18. Bf4 Nc6 19. g5 a5 20. Kf1 b5 21. Kg2 Ra6 22. Rhe1 {[%emt 0:01:36][%mdl 1024] White has compensation.} Kd8 23. Ne5 Re8 24. Rac1 Kc8 25. Ng4 Kb7 26. Qf3 Rb6 (26... Rf8 $11) 27. Qg3 $16 {[%emt 0:04:06] Black must now prevent Bd6.} Qd8 {[%emt 0:00:26] [#]} (27... Ncb8 $14) 28. Nh6 $1 Rf8 29. Bd6 {[%emt 0:01:24] Against e5} Ne7 30. Re2 {[%emt 0:00:30] White is much more active.} Nf5 $2 {[%emt 0:00:57] Black cannot hold the game after this.} (30... Rc6 $16) 31. Bxf5 $18 gxf5 32. Bxf8 Qxf8 33. Rce1 b4 34. axb4 axb4 35. cxb4 ({Weaker is} 35. Ra1 Bb5 36. Qf4 b3 $18) 35... Rxb4 (35... Bb5 {was called for.} 36. Qf4 Qg7) 36. Qa3 {[%emt 0:00:39] White is clearly winning.} Nb6 {[%emt 0:01:42] [#]} 37. Nxf7 $1 f4 {[%emt 0:01:12] [#]} (37... Bd7 38. Nd8+) 38. Rxe6 $1 {[%emt 0:01:21] White wants to mate with Nd6+.} Ka6 (38... f3+ 39. Kg3) 39. Rf6 Qc8 {[%emt 0:00:00] Weighted Error Value: White=0.08 (flawless) /Black=0.29 (precise)} 1-0

[Event "4NCL 2021-22"]
[Site "England"]
[Date "2022.05.01"]
[Round "8.5"]
[White "Harvey, Marcus R"]
[Black "Haydon, David L"]
[Result "1-0"]
[ECO "B38"]
[WhiteElo "2464"]
[BlackElo "2294"]
[Annotator "TA"]
[PlyCount "48"]
[EventDate "2021.11.27"]
[EventType "team-tourn"]
[EventCountry "ENG"]
[SourceTitle "playchess.com"]
[Source "ChessBase"]
[SourceQuality "1"]
[TimeControl "40/6000+30:3000+30"]

1. c4 Nf6 2. Nc3 c5 3. Nf3 Nc6 4. d4 cxd4 5. Nxd4 g6 6. e4 d6 7. Be2 Bg7 8. Be3 Bd7 9. Rc1 Rc8 10. O-O O-O 11. f3 Nxd4 {[%emt 0:13:34] B38: Sicilian: Maroczy Bind with 5...Bg7 and 7...0-0.} 12. Bxd4 Be6 13. b3 a6 {[%emt 0:08:36] White is slightly better.} 14. f4 Bd7 15. Bf3 (15. e5 $5 Ne8 16. Qd2 $14) 15... Bc6 {[%emt 0:02:26] [#]} 16. Qd3 $146 ({Predecessor:} 16. Qe2 Re8 17. Rcd1 Qa5 18. e5 Nd7 19. Nd5 Bxd5 20. cxd5 Qb4 21. Kh1 Nc5 22. Bb2 Qb5 23. Qd2 {1-0 (29) Kiolbasa,O (2255)-Avila Bautista,T (1642) Tornelo INT 2021}) 16... Nd7 17. Bxg7 Kxg7 18. Qd4+ Kg8 19. Bg4 Rc7 (19... b5 {keeps more tension.} 20. Nd5 e6 21. Ne3 Qb6) 20. e5 dxe5 21. fxe5 {[%emt 0:00:02] Black should prevent e6.} e6 $1 22. Qd6 ({White should play} 22. Bf3 $11) 22... Qg5 23. Qxc7 $16 {[%emt 0:02:08] White is more active.} Nxe5 {[%emt 0:00:20] [#]} (23... Qxg4 $16 24. Rf2 Qd4) 24. Bh3 $1 $18 Qe3+ $2 {[%emt 0:01:12] Weighted Error Value: White=0.16 (very precise) /Black=0.30} (24... Nd3 {was necessary.} 25. Qg3 Qc5+ 26. Kh1 Nxc1) 1-0

[Event "4NCL 2021-22"]
[Site "England"]
[Date "2022.05.01"]
[Round "8.6"]
[White "O'Donnell, Conor"]
[Black "Czopor, Maciej"]
[Result "0-1"]
[ECO "D36"]
[WhiteElo "2281"]
[BlackElo "2416"]
[Annotator "TA"]
[PlyCount "72"]
[EventDate "2021.11.27"]
[EventType "team-tourn"]
[EventCountry "ENG"]
[SourceTitle "playchess.com"]
[Source "ChessBase"]
[SourceQuality "1"]
[TimeControl "40/6000+30:3000+30"]

1. d4 Nf6 2. c4 e6 3. Nc3 d5 4. cxd5 exd5 5. Bg5 c6 6. e3 Bd6 7. Qc2 O-O {[%emt 0:02:32] D36: Queen's Gambit Declined: Exchange Variation: Main line (5 Bg5 c6 6 Qc2).} 8. Bd3 {[%emt 0:01:31][%cal Od3h7] Threatens to win with Bxh7+!} h6 9. Bh4 Re8 {[%emt 0:01:07] The position is equal.} 10. Bg3 (10. Nge2 $11) 10... Bxg3 $1 $15 11. hxg3 Bg4 (11... c5 $5 12. Nge2 (12. dxc5 d4 $15) 12... Nc6 $11) 12. Nf3 Nbd7 13. O-O {[%emt 0:01:44] [#]} a5 $146 ({Predecessor:} 13... Qe7 14. Rab1 a5 15. a3 Ne4 16. Bxe4 dxe4 17. Nd2 Bf5 18. b4 Nf6 19. Nc4 axb4 20. axb4 {0-1 (38) Vitenberg,N (2315)-Gorodetzky,D (2496) Chess.com INT 2021}) 14. Rfc1 Qb8 15. Rab1 Qd6 16. Bf5 h5 17. Na4 g6 18. Bd3 Kg7 19. Nc5 Bxf3 20. gxf3 Nxc5 21. dxc5 Qe5 22. Qa4 $1 Nd7 23. Kg2 $1 Nf8 24. Rc2 Ne6 25. f4 Qf6 26. Rh1 {[%emt 0:01:06] Prevents h4.} Rh8 27. Qb3 {[%emt 0:02:10] [#]} (27. Rh4 $1 $11 {remains equal.}) 27... h4 $1 $17 28. Qxb7 $2 (28. Qc3 $17) 28... Rab8 $19 29. Qa7 Ra8 30. Qb7 Rab8 31. Qa7 d4 (31... hxg3 $19 {Strongly threatening ...Rxh1.} 32. fxg3 Ra8) 32. e4 $2 (32. Qxa5 $17 hxg3 33. fxg3) 32... hxg3 33. fxg3 {[%emt 0:01:37] [#]} Nxf4+ $1 34. gxf4 Qxf4 {[%emt 0:00:08] ( -> ...Qg4+)} 35. Qd7 {[%emt 0:08:08] Prevents Qg4+.} Qg5+ 36. Kf3 Qe3+ {[%emt 0:00:46] Weighted Error Value: White=0.55/Black=0.27 (precise)} 0-1

[Event "4NCL 2021-22"]
[Site "England"]
[Date "2022.05.01"]
[Round "8.7"]
[White "Hunt, Harriet V"]
[Black "Horton, Jamie A"]
[Result "0-1"]
[ECO "B12"]
[WhiteElo "2400"]
[BlackElo "2275"]
[Annotator "TA"]
[PlyCount "64"]
[EventDate "2021.11.27"]
[EventType "team-tourn"]
[EventCountry "ENG"]
[SourceTitle "playchess.com"]
[Source "ChessBase"]
[SourceQuality "1"]
[TimeControl "40/6000+30:3000+30"]

1. e4 c6 2. d4 d5 3. e5 Bf5 4. h4 h5 5. Bd3 Bxd3 6. Qxd3 {[%emt 0:00:08][%cal Oe5e6] B12: Caro-Kann: Advance Variation.} Qa5+ 7. Nd2 Qa6 8. c4 {[%emt 0:02:55][%cal Oe5e6] [#] Strongly threatening e6! White is slightly better.} (8. e6 $5 Qxd3 9. exf7+ (9. cxd3 f6 $11) 9... Kxf7 10. cxd3 $14) 8... e6 9. Ngf3 Nh6 10. O-O Nf5 11. Qc2 {[%emt 0:04:56] [#] cxd5 is the strong threat.} b6 $146 ({Predecessor:} 11... Nd7 12. b3 Be7 13. g3 Qb6 14. Bb2 Qd8 15. Rfd1 g5 16. hxg5 Bxg5 17. Nf1 Rg8 {0-1 (52) Isha,S (2185)-Bryakin,M (2500) Novi Sad 2021}) 12. a4 (12. cxd5 $14 cxd5 {[#]} 13. Ne4 $1) 12... Nd7 13. a5 Be7 14. g3 O-O 15. Qa4 (15. b3 $11) 15... b5 $15 16. cxb5 Qxb5 17. Qd1 (17. Qxb5 $15 cxb5 18. Nb3) 17... g6 18. Nb1 Rab8 {[%emt 0:03:33] 0x0.001e08f43c00dp-1022s more active pieces.} 19. Nc3 Qb3 20. Qe2 c5 21. Rd1 Rb4 22. dxc5 Bxc5 {[%emt 0:01:33] aiming for ...Nxg3.} 23. Kg2 Qc4 ({Better is} 23... Nd4 24. Nxd4 Rxd4 25. Rxd4 Bxd4) 24. Rd3 $2 {[%emt 0:03:31] Loses the game.} (24. Qxc4 $17 {was worth a try.} Rxc4 25. Ra4) 24... Rfb8 $19 25. a6 Nd4 ({Don't blunder} 25... Qg4 $2 26. Rd1 $19) 26. Nxd4 Bxd4 27. f4 $2 (27. Rd2 {is a better chance.}) 27... Nc5 {[%emt 0:01:20][%csl LRa6,LRd3] Black is clearly winning.} 28. Rxd4 Qxd4 29. Be3 Qc4 30. Qxc4 Rxc4 31. Nd1 d4 32. Bg1 Rb6 {[%emt 0:00:42] Weighted Error Value: White=0.53/Black=0.16 (very precise)} 0-1

[Event "4NCL 2021-22"]
[Site "England"]
[Date "2022.05.01"]
[Round "8.8"]
[White "Sygnowski, Tomasz"]
[Black "Willow, Jonah B"]
[Result "1/2-1/2"]
[ECO "C28"]
[WhiteElo "2119"]
[BlackElo "2365"]
[Annotator "TA"]
[PlyCount "121"]
[EventDate "2021.11.27"]
[EventType "team-tourn"]
[EventCountry "ENG"]
[SourceTitle "playchess.com"]
[Source "ChessBase"]
[SourceQuality "1"]
[TimeControl "40/6000+30:3000+30"]

1. e4 e5 2. Nc3 Nc6 3. Bc4 Nf6 4. d3 Na5 5. Nf3 Nxc4 6. dxc4 Bb4 7. Bd2 {[%emt 0:04:30] C28: Vienna Game: 2...Nf6 3 Bc4 Nc6.} d6 {[%emt 0:03:11] White should prevent ...Bxc3.} 8. Qe2 O-O 9. O-O-O {[%emt 0:00:30] [#]} a5 $146 ({Predecessor:} 9... Bd7 10. a3 Bxc3 11. Bxc3 Qb8 12. Nh4 Bc6 13. f3 Re8 14. Nf5 Re6 15. h4 b5 {1-0 (38) Stockova,Z (2378)-Kozak,M (2145) Czech Republic 2015}) 10. h3 Nd7 11. g4 Nc5 12. Ne1 (12. Nd5 $11 {feels stronger.}) 12... Ne6 13. Ng2 Qe8 14. Ne3 Nd4 15. Qd3 Nf3 $2 (15... Ne6 $11 {and Black stays safe.}) 16. Nf5 $2 (16. Ned5 $18 Nxd2 17. Nxc7 (17. Rxd2 Qd8 $15)) 16... Nxd2 $11 17. Qxd2 Qd8 18. a3 Bc5 19. Nd5 Be6 20. Nde7+ {[%emt 0:11:27] Pair of Knights!} Kh8 21. Qg5 (21. h4 $1 $11) 21... Bxf5 $17 22. gxf5 h6 $2 {[%emt 0:02:36] [#]} (22... f6 $17 {keeps the pressure on.} 23. Ng6+ Kg8) 23. Qh4 {[%emt 0:05:31] [#] White is much more active.} (23. h4 $1 $16 f6 24. Ng6+ Kg8 25. Qd2) 23... Bxf2 $1 $11 24. Qxf2 Qxe7 25. Rhg1 Ra6 $2 {[%emt 0:03:47] [#]} (25... Rg8 $15) 26. Rg4 ({White has to play} 26. Rxg7 $1 $16 {[%mdl 512] White wants to mate with f6.} Qf6 27. Rdg1) 26... Qf6 27. Rdg1 Rg8 28. a4 Raa8 29. h4 g6 30. Qg2 Kh7 31. Rf1 {[%emt 0:02:08] Strongly threatening fxg6+.} gxf5 32. Rxf5 Rxg4 33. Qxg4 {[%emt 0:00:53][%mdl 4096] Endgame KQR-KQR} Qg6 34. Qf3 ({Reject} 34. Qxg6+ Kxg6 35. c5 Rc8 $15) 34... Rf8 35. b3 f6 36. Kb2 Kg7 37. Qe2 Qg3 38. h5 Rg8 {[%emt 0:07:29] [#]} (38... b6 $11 {keeps the balance.}) 39. c5 $1 $16 dxc5 40. Qb5 {[%emt 0:00:59][%csl LRa5,LRb7,LRc5] Qd7+ is the strong threat.} Rf8 41. Qxb7 (41. Qxc5 $5 Rf7 42. Rf1 $14) 41... Rf7 {[%emt 0:50:59] [#]} 42. Qc6 (42. Rf1 $1 $16) 42... Qe3 $11 43. Rf1 {[%emt 0:00:00] And now Rd1 would win.} Qd4+ 44. Ka2 (44. Kb1 $14) 44... c4 $1 45. bxc4 Qd2 $1 46. Kb1 Qg2 {[%emt 0:00:00] Against Rg1} (46... Qb4+ $11 47. Ka2 Qd2) 47. Rd1 $14 Qg4 {[%emt 0:00:00][%csl LRd1,LRh5] Against Qe6} 48. Rd8 (48. Rh1 $14) 48... Qg1+ (48... Qxh5 $11 49. Qe8 Kg6) 49. Ka2 ({White should try} 49. Kb2 $16 Qb6+ 50. Qxb6 cxb6 51. Rb8) 49... Qf2 (49... Qc1 $11) 50. Qe8 (50. Kb2 $16 {Threatens to win with Qe8.} Qb6+ 51. Qxb6 cxb6 52. Rb8) 50... Qxc2+ $11 {[%emt 0:00:00] The position is equal.} 51. Ka1 Qc1+ 52. Ka2 {[%emt 0:00:00][%csl Gd8][%cal Re8g8] The board is on fire.} Qxc4+ 53. Ka1 Qc3+ 54. Ka2 Qc4+ 55. Ka1 Qf1+ 56. Ka2 Qf2+ 57. Ka1 Qe1+ 58. Ka2 Qe2+ 59. Ka1 Qf1+ 60. Ka2 Qc4+ 61. Ka1 {[%emt 0:00:00] Weighted Error Value: White=0.25 (precise) /Black=0.27 (precise)} 1/2-1/2

[Event "4NCL 2021-22"]
[Site "England"]
[Date "2022.05.01"]
[Round "8.9"]
[White "Kanyamarala, Tarun"]
[Black "Shirov, Alexei"]
[Result "0-1"]
[ECO "D02"]
[WhiteElo "2321"]
[BlackElo "2691"]
[Annotator "TA"]
[PlyCount "86"]
[EventDate "2021.11.27"]
[EventType "team-tourn"]
[EventCountry "ENG"]
[SourceTitle "playchess.com"]
[Source "ChessBase"]
[SourceQuality "1"]
[TimeControl "40/6000+30:3000+30"]

1. d4 d5 2. Nf3 Nf6 3. Bf4 c5 4. e3 Nc6 5. Nbd2 cxd4 6. exd4 {[%emt 0:00:22] D02: 1 d4 d5 2 Nf3 sidelines, including 2...Nf6 3 g3 and 2...Nf6 3 Bf4.} Bf5 7. Bb5 Qb6 8. c4 {[%emt 0:11:08] The position is equal.} dxc4 9. Qa4 a6 10. Bxc6+ {[%emt 0:00:16] [#]} (10. Bxc4 Qxb2 11. O-O b5 $17) 10... bxc6 $146 ({Predecessor:} 10... Qxc6 11. Qxc6+ bxc6 12. Nxc4 Nd5 13. Bg3 f6 14. O-O g5 15. Rfe1 Kf7 16. Na5 h5 {0-1 (33) Skoberne,J (2544)-Nisipeanu,L (2673) Austria 2018}) 11. Nxc4 Qb5 12. Qb3 Nd5 13. Bg3 g6 14. O-O Bh6 15. Rfe1 {[%emt 0:06:36] Hoping for Nd6+.} O-O 16. Nfd2 (16. Ne3 $11) 16... a5 (16... Rfd8 $17) 17. Ne3 {[%emt 0:21:26] Pair of Knights!} Be6 18. Nxd5 Bxd5 19. Qc3 Ra7 20. Nf1 Rb7 {[%emt 0:00:06] Black is more active.} 21. Ne3 Be6 22. b3 a4 23. Rec1 axb3 (23... Rc8 {is interesting.} 24. bxa4 Qxa4 25. Rd1 Rd8) 24. axb3 Qxb3 ({Of course not} 24... Bxb3 25. Rcb1 $14) (24... Rc8 {feels hotter.} 25. Ra3 Qb6 26. Rb1 Qb4) 25. Qxb3 Rxb3 (25... Bxb3 {looks sharper.} 26. Rab1 Ra8 27. Rxc6 f6) 26. Rxc6 Bxe3 27. fxe3 Rxe3 28. Rc7 Bd5 29. Re1 {[%emt 0:00:02] Against Re2} Rxe1+ 30. Bxe1 $15 {[%emt 0:00:02][%mdl 4096] Endgame KRB-KRB} e6 31. Bg3 (31. Bd2 $15 {is more appropriate.}) 31... f6 32. Ra7 ({White should try} 32. Bd6 $15 Rb8 33. Rg7+ Kxg7 34. Bxb8) 32... Rc8 $17 33. Bc7 {[%emt 0:00:09] [#]} g5 $1 34. g3 Kf7 35. Kf2 Kg6 36. Ke3 h5 37. Kd3 Kf5 38. Ke3 {[%emt 0:00:12] [#]} (38. Bd6 $142) 38... Kg4 $1 $19 39. Kf2 (39. Ke2 $142) 39... Kh3 40. Kg1 f5 41. Kf2 Kxh2 {[%emt 0:01:37][%cal Of5f4] Threatens to win with ...f4!} 42. g4+ {[%emt 0:00:29] [#]} (42. Bd6 $19 Rc2+ 43. Ke1) 42... Rxc7 $1 43. Rxc7 fxg4 {[%emt 0:00:03] Weighted Error Value: White=0.43/Black=0.07 (flawless)} 0-1